 Dungeon Crawl Stone Soup version 0.27.1-33-g824d729ab1 (console) character file.

Game seed: 6784576121665377289

944 Banquo the Skirmisher (level 8, -3/58 HPs)
             Began as a Djinni Chaos Knight on Dec 28, 2021.
             Was a Follower of Ashenzari.
             Slain by an ice beast (12 damage)
             ... on level 6 of the Dungeon.
             The game lasted 00:23:41 (6595 turns).

Banquo the Skirmisher (Djinni Chaos Knight)         Turns: 6595, Time: 00:23:42

Health: -3/58      AC:  6    Str: 17      XL:     8   Next: 35%
Gold:   332        EV: 12    Int: 15 (16) God:    Ashenzari [*.....] SH:  0 Dex: 10 (13)

rFire    + + .     SeeInvis .   l - +0 whip (elec)
rCold    x . .     Faith    .   (no shield)
rNeg     . . .     Spirit   +   b - +2 leather armour
rPois    ∞         Reflect  .   (no helmet)
rElec    .         Harm     .   (no cloak)
rCorr    .         Rampage  .   g - +0 pair of gloves of the Sibylline Paranoia {Cun, Range} (curse)
Will     .....                  (boots unavailable)
Stlth    +.........             m - amulet of Panopticon {Spirit, Evo, Fort} (curse)
HPRegen  0.19/turn              n - +6 ring of strength
MPRegen  0.00/turn              (no ring)

@: confusing by touch, unable to read, flying
A: sickness immunity, fire resistance 2, cold vulnerability 1, float, innate
caster, hp casting, extra vitality 1, deterioration 1, mutation resistance 1,
wild magic 2, inability to read while threatened
a: Renounce Religion, Shatter the Chains


You were on level 6 of the Dungeon.
You worshipped Ashenzari.
Ashenzari was aware of your devotion.
You visited 2 branches of the dungeon, and saw 7 of its levels.
You also visited: Ossuary.

You collected 332 gold pieces.

Inventory:

Hand Weapons
 a - a +0 short sword of chaos
 l - a +0 whip of electrocution (weapon)
 o - a +0 spear
 t - a +0 short sword of speed
Missiles
 c - 175 stones (quivered)
 f - 11 poisoned darts
Armour
 b - a +2 leather armour (worn)
 g - the cursed +0 pair of gloves of the Sibylline Paranoia (worn) {Cun, Range}
   (You found it on level 1 of the Dungeon)

   It has a curse which improves the following skills: Cunning: Dodging and
   Stealth.
   Ranged Combat: Slings, Bows, Crossbows and Throwing.
Jewellery
 m - the cursed amulet of Panopticon (around neck) {Spirit, Evo, Fort}
   (You found it on level 2 of the Dungeon)

   [amulet of guardian spirit]

   It causes incoming damage to be divided between your reserves of health and
   magic.
   It has a curse which improves the following skills: Evocations: Evocations.
   Fortitude: Armour and Shields.
 n - a +6 ring of strength (left hand)
Wands
 q - a wand of iceblast (5)
Scrolls
 e - 2 scrolls of enchant weapon
 k - 2 scrolls of fog
 p - a scroll of teleportation
 r - a scroll of brand weapon
 s - a scroll of noise
Potions
 d - 3 potions of cancellation
 h - a potion of mutation
 i - 2 potions of curing
 j - a potion of might
 u - a potion of resistance
 v - a potion of haste


   Skills:
 - Level 4.8 Fighting
 - Level 3.4 Short Blades
 - Level 2.0 Maces & Flails
 - Level 4.0(4.9) Armour
 - Level 3.3(4.2) Dodging
 * Level 4.1 Spellcasting


You had 9 spell levels left.
You knew the following spells:

 Your Spells              Type           Power      Damage    Failure   Level
a - Animate Skeleton      Necr           48%        N/A       11%         1
b - Corpse Rot            Necr/Air       N/A        N/A       14%         2
t - Confusing Touch       Hex            24%        N/A       24%         3
Your spell library was empty.

Dungeon Overview and Level Annotations

Branches:
Dungeon (6/15)             Temple (1/1) D:4         Ossuary (visited)

Altars:
Ashenzari
Cheibriados
Dithmenos
Elyvilon
Fedhas
Gozag
Hepliaklqana
Kikubaaqudgha
Makhleb
Nemelex Xobeh
Qazlal
Ru
Sif Muna
Trog
Uskayaw
Vehumet
Wu Jian
Xom
Zin
The Shining One

Annotations:
D:5 Dowan, Duvessa


Innate Abilities, Weirdness & Mutations

You are immune to sickness and miasma.
You are immune to poison.
Your flesh is very heat resistant. (rF++)
You are vulnerable to cold. (rC-)
You float through the air rather than walking.
You learn spells naturally, not from books.
Your magical power is your life essence.
You have superior vitality. (+4 HP)
Your body sometimes deteriorates upon taking damage.
You are somewhat resistant to further mutation.
Your spells are harder to cast, but more powerful.
You sometimes lose the ability to read scrolls when taking damage.


Message History

Confirm with . or Enter, or press ? or * to list all spells.
Your hands begin to glow red.
You hit the gnoll but do no damage.
The gnoll is severely wounded.
The gnoll hits you with a +0 flail!
You hit the gnoll but do no damage.
The gnoll appears confused.
The gnoll is severely wounded.
You barely miss the gnoll.
The gnoll is severely wounded.
You catch the helpless gnoll completely off-guard!
You hit the gnoll but do no damage. Lightning courses through the gnoll!!
You kill the gnoll!
Casting: Confusing Touch (dangerous; 24% risk of failure)
Confirm with . or Enter, or press ? or * to list all spells.
Your hands begin to glow red.
The gnoll hits you with a +0 flail!
You feel threatened and lose the ability to read scrolls!
* * * LOW HITPOINT WARNING * * *
Your body deteriorates!
You feel clumsy.
You hit the gnoll but do no damage. The gnoll barely misses you.
You barely miss the gnoll.
The gnoll shouts!
The gnoll closely misses you.
You barely miss the gnoll. The gnoll barely misses you.
You hit the gnoll but do no damage.
The gnoll appears confused.
You can read scrolls again.
The gnoll hits you with a +0 flail.
* * * LOW HITPOINT WARNING * * *
You hit the gnoll. Lightning courses through the gnoll!!
You kill the gnoll!
You feel your strength returning.
Casting: Confusing Touch (dangerous; 24% risk of failure)
Confirm with . or Enter, or press ? or * to list all spells.
Your hands begin to glow red.
* * * LOW HITPOINT WARNING * * *
The ice beast hits you but does no damage.
You barely miss the ice beast. The ice beast hits you.
* * * LOW HITPOINT WARNING * * *
The ice beast freezes you!
You feel a terrible chill!
You feel threatened and lose the ability to read scrolls!
You die...

. ##....## .. #)...##
...### ##.).##
.....#####...##
#.....##...#
######...)...##
########.........[.##
..............g....##
............)@Y.....##
..#################..##
##..## ##..## ##..##
##g[# ##.## ##.## #
#..###


You could see an ice beast and a gnoll.

Vanquished Creatures
  A water moccasin (D:5)
  A necrophage (D:4)
  2 ogres
  2 phantoms
  A howler monkey (D:4)
  2 orc priests
  An iguana (D:5)
  2 orc wizards
  A mummy (D:4)
  A howler monkey skeleton (D:5)
  13 gnolls
  3 adders (D:2)
  An adder skeleton (D:4)
  2 worms (D:3)
  2 dart slugs (D:3)
  13 orcs
  7 bats
  4 endoplasms
  5 goblins
  4 hobgoblins
  A jackal (D:3)
  6 quokkas
  11 ball pythons
  2 frilled lizards
  7 kobolds
  7 rats
102 creatures vanquished.

Vanquished Creatures (others)
  An orc (D:3)
  7 plants (D:6)
8 creatures vanquished.

Grand Total: 110 creatures vanquished

Notes
Turn   | Place    | Note
-------+----------+-------------------------------------------
     0 | D:1      | Banquo the Djinni Chaos Knight began the quest for the Orb.
     0 | D:1      | Reached XP level 1. HP: 20/20 MP: 0/0
   142 | D:1      | Reached XP level 2. HP: 25/25 MP: 0/0
   324 | D:1      | XOM: divination: magic mapping
   449 | D:1      | XOM: silly message
   543 | D:1      | Found a faded altar of an unknown god.
   731 | D:1      | Reached XP level 3. HP: 30/30 MP: 0/0
   731 | D:1      | Learned a level 1 spell: Animate Skeleton
  1251 | D:2      | XOM is BORED!
  1251 | D:2      | XOM: silly message
  1256 | D:2      | XOM: silly message
  1355 | D:2      | Reached XP level 4. HP: 35/35 MP: 0/0
  1420 | D:2      | XOM: silly message
  1445 | D:2      | XOM: silly message
  1501 | D:2      | XOM: silly message
  1825 | D:3      | XOM: potion effect (brilliance)
  1984 | D:3      | XOM: butterfly on damage
  2169 | D:2      | XOM: cloud trail
  2208 | D:3      | Noticed a phantom
  2293 | D:3      | Killed a phantom
  2294 | D:3      | Reached XP level 5. HP: 22/41 MP: 0/0
  2294 | D:3      | Learned a level 2 spell: Corpse Rot
  2548 | D:3      | Noticed an ogre
  2554 | D:3      | Killed an ogre
  2555 | D:3      | Reached XP level 6. HP: 47/47 MP: 0/0
  2955 | D:3      | XOM: scenery: summon butterflies
  3214 | D:4      | Reached skill level 1 in Maces & Flails
  3214 | D:4      | Reached XP level 7. HP: 40/53 MP: 0/0
  3214 | D:4      | Learned a level 3 spell: Confusing Touch
  3366 | D:4      | Found a sand-covered staircase.
  3482 | Ossuary  | Entered an ossuary
  3528 | D:4      | XOM: snakes to sticks
  3539 | D:4      | XOM: smoke on damage
  3605 | D:4      | XOM: 4-stop teleportation journey
  3620 | D:4      | XOM: give mutations
  3620 | D:4      | Gained mutation: Your spells are a little harder to cast,
                  | but a little more powerful. [Xom's grace]
  3620 | D:4      | Gained mutation: You are somewhat resistant to further
                  | mutation. [Xom's grace]
  3620 | D:4      | Gained mutation: Your spells are harder to cast, but more
                  | powerful. [Xom's grace]
  3804 | D:4      | Found a staircase to the Ecumenical Temple.
  3810 | Temple   | Entered the Ecumenical Temple
  3945 | Temple   | Fell from the grace of Xom
  3945 | Temple   | Became a worshipper of Ashenzari the Shackled
  4423 | D:4      | Reached skill level 1 in Spellcasting
  4524 | D:5      | Entered Level 5 of the Dungeon
  4680 | D:5      | Noticed a water moccasin
  4701 | D:5      | Killed a water moccasin
  5266 | D:4      | XOM: give mutation
  5266 | D:4      | Gained mutation: You sometimes lose the ability to read
                  | scrolls when taking damage. [Xom's mischief]
  5395 | D:5      | Noticed Dowan
  5400 | D:5      | Noticed Duvessa
  5433 | D:4      | XOM: give mutation
  5433 | D:4      | Gained mutation: Your body sometimes deteriorates upon
                  | taking damage. [Xom's mischief]
  5592 | D:5      | Reached XP level 8. HP: 34/58 MP: 0/0
  5659 | D:5      | XOM: summons 9 hostile demons
  5660 | D:5      | Noticed an orange demon
  6332 | D:6      | XOM: 3-stop teleportation journey
  6417 | D:6      | Reached * piety under Ashenzari
  6540 | D:6      | XOM: 1-stop teleportation journey
  6595 | D:6      | Slain by an ice beast

Illustrated notes

Levels and vault maps discovered:
D:1:      saegor_arrival_miasma, layout_loops_ring, basic_ecumenical_altar
D:2:      minmay_inner_zag, layout_basic
D:3:      kennysheep_six_static_rooms, layout_basic, mrwooster_statue_mirror
D:4:      layout_loops_cross, minmay_temple_entry_enclosed_plants,
          serial_rivers, chequers_serial_rivers_small_3,
          chequers_serial_rivers_marsh, chequers_serial_rivers_marsh,
          chequers_serial_rivers_small_b, gup_ossuary_entry_pyramid
D:5:      layout_cave_pods, uniq_duvessa
D:6:      layout_cave_pods, serial_bayou_lagoon_a
Temple:   regret_index_temple_chain_breaker

Skill      XL: |  1  2  3  4  5  6  7  8 |
---------------+-------------------------+-----
Short Blades   | 3 |  3.4
Armour         | 3 4 |  4.0
Fighting       | 4 |  4.8
Dodging        | 3 |  3.3
Maces & Flails | 1 2 |  2.0
Spellcasting   | 2 4 |  4.1

Action                   |  1- 3 |  4- 6 |  7- 9 || total
-------------------------+-------+-------+-------++-------
Melee: Short sword       |    44 |       |       ||    44
       Whip              |    49 |   123 |   159 ||   331
 Cast: Confusing Touch   |       |       |     7 ||     7
Invok: Curse Item        |       |       |     2 ||     2
Evoke: Wand              |       |     3 |     1 ||     4
  Use: Scroll            |       |       |     1 ||     1
 Stab: Paralysed         |     1 |       |       ||     1
       Confused          |       |       |     1 ||     1
Armor: Leather armour    |    42 |    44 |    38 ||   124
Dodge: Dodged            |    67 |    87 |    90 ||   244
